 Dungeon Crawl Stone Soup version 0.19.4-8-ga85b6b9 (webtiles) character file.

134 Jerry the Chopper (level 5, -1/45 HPs)
             Began as a Hill Orc Gladiator on Feb 11, 2017.
             Killed by nerve-wracking pain
             ... invoked by Grinder
              (11 damage)
             ... while paralysed by Grinder
             ... on level 3 of the Dungeon.
             The game lasted 00:04:48 (2686 turns).

Jerry the Chopper (Hill Orc Gladiator)              Turns: 2686, Time: 00:04:49

Health: -1/45      AC:  5    Str: 19    XL:     5   Next: 17%
Magic:  5/5        EV:  2    Int: 13    God:
Gold:   186        SH:  0    Dex: 11    Spells: 0 memorised, 4 levels left

rFire  + . .     SeeInvis .     a - +0 war axe
rCold  . . .     Gourm    .     b - +0 leather armour
rNeg   . . .     Faith    .     (no shield)
rPois  .         Spirit   .     c - +0 helmet
rElec  .         Reflect  .     (no cloak)
rCorr  .         Harm     .     u - +0 pair of gloves
MR     +....                    (no boots)
Stlth  +.........               (no amulet)
                                k - ring of protection from fire
                                g - ring of protection from magic

@: paralysed, brilliant
A: no striking features
a: no special abilities


You were on level 3 of the Dungeon.
You were not hungry.

You visited 1 branch of the dungeon, and saw 3 of its levels.

You collected 186 gold pieces.

Inventory:

Hand Weapons
 a - a +0 war axe (weapon)
Armour
 b - a +0 leather armour (worn)
 c - a +0 helmet (worn)
 u - a +0 pair of gloves (worn)
Jewellery
 g - a ring of protection from magic (left hand)
 k - a ring of protection from fire (right hand)
Scrolls
 l - a scroll of enchant armour {unknown}
 n - a scroll of remove curse {unknown}
 o - a scroll of teleportation {unknown}
 p - a scroll of enchant weapon {unknown}
 s - a scroll of immolation {unknown}
Comestibles
 f - 3 bread rations
 h - a beef jerky
 i - a royal jelly
 r - 4 chunks of flesh


   Skills:
 + Level 3.4 Fighting
 * Level 6.0 Axes
 - Level 1.7 Throwing
 + Level 2.6 Armour
 - Level 2.4 Dodging


You had 4 spell levels left.
You didn't know any spells.

Dungeon Overview and Level Annotations

Branches:
Dungeon (3/15)

Altars:

Annotations:
D:3 Grinder


Message History

The throwing net closely misses Grinder.
Grinder gestures at you. You resist with almost no effort.
You are too injured to fight recklessly!
You are too injured to fight recklessly!
You are too injured to fight recklessly!
You closely miss Grinder.
Grinder is almost dead.
Grinder hits you but does no damage.
You hit Grinder.
Grinder is almost dead.
Grinder gestures at you.
You suddenly lose the ability to move!
You feel less woody.
Your +0 helmet unmelds from your body.
Your +0 pair of gloves unmelds from your body.
Your +0 leather armour unmelds from your body.
Grinder gestures at you. Pain shoots through your body!
You die...

#. #..# # ##.## # #.#
#..# #.####+####.#
#.(......##.##
##########........##..#
........$.#.......###.##
........5.#.......+.....
.......@..#.......####.#
.$....†...#.......####..
..........'.##..........
......./..####..........
..........+ #..........
..........# #..........
..........# #..........
..........# #..........
........# #..........


You could see Grinder.

Vanquished Creatures
  4 gnolls (D:3)
  An adder (D:2)
  2 worms
  2 dart slugs (D:1)
  4 leopard geckos
  8 bats
  2 giant cockroaches
  7 goblins
  12 hobgoblins
  6 jackals
  8 kobolds
  3 quokkas
  A ball python (D:1)
  4 frilled lizards
  5 rats
69 creatures vanquished.

Vanquished Creatures (others)
  A fungus (D:3)
1 creature vanquished.

Grand Total: 70 creatures vanquished

Notes
Turn   | Place    | Note
-------+----------+-------------------------------------------
     0 | D:1      | Jerry the Hill Orc Gladiator began the quest for the Orb.
     0 | D:1      | Reached XP level 1. HP: 18/18 MP: 1/1
   198 | D:1      | Reached skill level 1 in Armour
   198 | D:1      | Reached XP level 2. HP: 22/25 MP: 2/2
   468 | D:1      | Reached XP level 3. HP: 27/30 MP: 3/3
  1031 | D:2      | Reached skill level 5 in Axes
  1562 | D:2      | Reached XP level 4. HP: 37/37 MP: 4/4
  2452 | D:3      | Reached XP level 5. HP: 36/45 MP: 5/5
  2453 | D:3      | Reached skill level 6 in Axes
  2630 | D:3      | Noticed Grinder
  2634 | D:3      | Paralysed by Grinder for 7 turns
  2644 | D:3      | HP: 2/45 [Grinder (3)]
  2654 | D:3      | Paralysed by Grinder for 6 turns
  2672 | D:3      | Paralysed by Grinder for 6 turns
  2685 | D:3      | Paralysed by Grinder for 6 turns
  2686 | D:3      | Killed from afar by Grinder

Skill      XL: |  1  2  3  4  5 |
---------------+----------------+-----
Armour         | 1 2 |  2.6
Axes           | 5 6 |  6.0
Fighting       | 3 |  3.4
Throwing       | |  1.7
Dodging        | |  2.4

Action                   |  1- 3 |  4- 6 || total
-------------------------+-------+-------++-------
Melee: War axe           |   119 |   102 ||   221
Throw: Throwing net      |       |     3 ||     3
  Use: Potion            |       |     5 ||     5
  Eat: Chunk             |     2 |     4 ||     6
Armor: Leather armour    |    48 |    30 ||    78
       Skin              |       |     5 ||     5
Dodge: Dodged            |    99 |    59 ||   158
